 Dungeon Crawl Stone Soup version 0.26-a0-52-gd53d4cd (webtiles) character file.

Game seed: 13067819347813225840

3604 thirtiethelement the Blocker (level 10, -4/80 HPs)
             Began as a Gnoll Fighter on June 7, 2020.
             Was an Elder of Okawaru.
             Slain by a two-headed ogre
             ... wielding a +0 giant spiked club
              (20 damage)
             ... on level 8 of the Dungeon.
             The game lasted 00:14:06 (5887 turns).

thirtiethelement the Blocker (Gnoll Fighter)        Turns: 5887, Time: 00:14:07

Health: -4/80      AC: 11    Str: 18    XL:     10   Next: 10%
Magic:  17/17      EV: 11    Int: 10    God:    Okawaru [****..]
Gold:   310        SH: 21    Dex: 15    Spells: 18/18 levels left

rFire    + + +     SeeInvis +   a - +0 war axe
rCold    . . .     Gourm    .   m - +0 tower shield {rN+}
rNeg     + . .     Faith    .   h - +2 leather armour {rF+}
rPois    +         Spirit   .   s - +0 helmet
rElec    .         Reflect  +   A - +1 cloak of the Chupacabra {rPois MR+ Regen+ Str-4}
rCorr    .         Harm     .   (no gloves)
MR       ++...     Clarity  +   (no boots)
Stlth    +++.......             D - amulet of reflection
HPRegen  0.63/turn              w - ring of see invisible
MPRegen  0.15/turn              k - ring of protection from magic

@: no status effects
A: distributed training, fangs 1, thin metallic scales 1, clarity, fire
resistance 2, strong nose
a: Heroism, Renounce Religion


You were on level 8 of the Dungeon.
You worshipped Okawaru.
Okawaru was greatly pleased with you.
You were not hungry.

You visited 2 branches of the dungeon, and saw 9 of its levels.

You collected 310 gold pieces.

Inventory:

Hand Weapons
 a - a +0 war axe (weapon)
 F - the +4 dagger of Suicidal Tendencies {vorpal, *Rage rC++}
   (You found it on level 6 of the Dungeon)

   It inflicts extra damage upon your enemies.
   It greatly protects you from cold.
   It may make you go berserk in combat.
Missiles
 l - 9 boomerangs (quivered)
Armour
 b - a +1 scale mail
 c - a +0 kite shield
 h - a +2 leather armour of fire resistance (worn)
 m - a +0 tower shield of positive energy (worn)
 s - a +0 helmet (worn)
 A - the +1 cloak of the Chupacabra (worn) {rPois MR+ Regen+ Str-4}
   (You found it on level 6 of the Dungeon)

   It affects your strength (-4).
   It protects you from poison.
   It affects your resistance to hostile enchantments.
   It increases your rate of regeneration.
Jewellery
 g - an uncursed ring of wizardry
 j - an uncursed ring of flight
 k - a ring of protection from magic (right hand)
 w - a ring of see invisible (left hand)
 y - an uncursed ring of poison resistance
 D - an amulet of reflection (around neck)
Wands
 B - a wand of iceblast (9)
 C - a wand of digging (7)
Scrolls
 o - a scroll of amnesia
 q - a scroll of enchant armour
 x - a scroll of fog {unknown}
 z - 2 scrolls of identify
Potions
 d - 2 potions of might
 e - a potion of stabbing
 i - a potion of cancellation
 n - 3 potions of haste
 p - 2 potions of flight
 t - a potion of brilliance
 u - 2 potions of lignification
 v - a potion of curing
Comestibles
 f - 12 rations


   Skills:
 + Level 8.2 Fighting
 + Level 4.8 Short Blades
 + Level 4.8 Long Blades
 + Level 6.7 Axes
 + Level 4.8 Maces & Flails
 + Level 4.8 Polearms
 + Level 4.8 Staves
 + Level 4.8 Slings
 + Level 4.8 Bows
 + Level 4.8 Crossbows
 + Level 4.8 Throwing
 + Level 8.2 Armour
 + Level 4.8 Dodging
 + Level 4.8 Stealth
 + Level 8.2 Shields
 + Level 4.8 Unarmed Combat
 + Level 4.8 Spellcasting
 + Level 4.0 Conjurations
 + Level 4.0 Hexes
 + Level 4.0 Charms
 + Level 4.0 Summonings
 + Level 4.0 Necromancy
 + Level 4.0 Translocations
 + Level 4.0 Transmutations
 + Level 4.0 Fire Magic
 + Level 4.0 Ice Magic
 + Level 4.0 Air Magic
 + Level 4.0 Earth Magic
 + Level 4.0 Poison Magic
 + Level 5.3 Invocations
 + Level 4.8 Evocations


You had 18 spell levels left.
You didn't know any spells.
Your spell library was empty.

Dungeon Overview and Level Annotations

Branches:
Dungeon (8/15)             Temple (1/1) D:4
   Lair: D:8-11

Altars:
Ashenzari
Cheibriados
Dithmenos
Elyvilon
Fedhas
Gozag
Hepliaklqana
Kikubaaqudgha
Makhleb
Nemelex Xobeh
Okawaru
Qazlal
Ru
Sif Muna
Trog
Uskayaw
Vehumet
Wu Jian
Xom
Zin
The Shining One

Shops:
D:7 *

Annotations:
D:5 3 runed translucent doors, Turner1's ghost, amateur TrBe; XxsatanxX's ghost, novice DsFi


Innate Abilities, Weirdness & Mutations

Your experience applies equally to all skills.
You have very sharp teeth.
Your uncanny sense of smell can sniff out nearby items.
You are partially covered in thin metallic scales. (AC +2)
You possess an exceptional clarity of mind.
Your flesh is very heat resistant. (rF++)


Message History

You feel better.
You block the bullfrog skeleton's attack. x2
You hit the two-headed ogre.
The two-headed ogre is severely wounded.
You hit the bullfrog skeleton but do no damage.
You block the two-headed ogre's attack.
The two-headed ogre hits you but does no damage.
A wight comes into view. It is wielding a +4 dagger.
You block the bullfrog skeleton's attack.
You slash the two-headed ogre!
The two-headed ogre is almost dead.
You slash the bullfrog skeleton!
The bullfrog skeleton hits you but does no damage.
You block the two-headed ogre's attack. x2
You hit the two-headed ogre. You bite the two-headed ogre.
The two-headed ogre is almost dead.
You hit the wight but do no damage.
A wight comes into view. It is wielding a -3 hand axe.
The two-headed ogre hits you with a +0 giant spiked club!!
You die...

..#.. #..#.# ∆....
...#.# # #..###...z..
###.#...........
........(....... #
#..##.#)#.#
##.##......)..+ .
.......†O#.# #.
#..#..)@#Z#.##
#.##.##..#....zz.....
#....................
###.#...#...........
#...#....###.###
#...#....###.#
#.......... . #
#...#....### ##
#.#.<.#....# .#


You could see a two-headed ogre and 3 wights.

Vanquished Creatures
  A two-headed ogre (D:8)
  Maggie (D:7)
  Sigmund (D:5)
  A phantom (D:7)
  A black bear (D:7)
  2 ice beasts
  4 ogres
  A centaur (D:7)
  2 big kobolds
  4 bullfrogs
  3 scorpions
  6 killer bees
  2 howler monkeys
  A centaur zombie (D:7)
  A crimson imp (D:5)
  A bullfrog zombie (D:5)
  2 jellies
  8 orc wizards
  A hound (D:7)
  2 orc priests (D:6)
  Terence (D:2)
  2 iguanas
  6 worker ants
  A hound zombie (D:7)
  2 hound skeletons (D:7)
  A worker ant zombie (D:6)
  7 adders
  A shadow imp (D:5)
  2 oozes (D:3)
  2 adder skeletons
  A dart slug (D:4)
  5 leopard geckos
  17 orcs
  4 ball pythons
  3 giant cockroaches
  6 goblins
  7 hobgoblins
  3 jackals (D:5)
  4 quokkas
  6 bats
  4 frilled lizards
  A jackal skeleton (D:5)
  15 kobolds
  A quokka skeleton (D:5)
  4 rats
151 creatures vanquished.

Vanquished Creatures (others)
  A kobold (D:7)
  2 withered plants (D:5)
3 creatures vanquished.

Grand Total: 154 creatures vanquished

Notes
Turn   | Place    | Note
-------+----------+-------------------------------------------
     0 | D:1      | thirtiethelement the Gnoll Fighter began the quest for the
                  | Orb.
     0 | D:1      | Reached XP level 1. HP: 23/23 MP: 1/1
   105 | D:1      | Reached XP level 2. HP: 22/29 MP: 2/2
   330 | D:1      | You fall into a shaft and drop 1 floor!
   478 | D:2      | Noticed Terence
   486 | D:2      | Killed Terence
   486 | D:2      | Reached skill level 1 in Invocations
   486 | D:2      | Reached XP level 3. HP: 35/35 MP: 2/4
   988 | D:2      | Reached skill level 1 in Short Blades
   988 | D:2      | Reached skill level 1 in Long Blades
   988 | D:2      | Reached skill level 1 in Maces & Flails
   988 | D:2      | Reached skill level 1 in Polearms
   988 | D:2      | Reached skill level 1 in Staves
   988 | D:2      | Reached skill level 1 in Slings
   988 | D:2      | Reached skill level 1 in Bows
   988 | D:2      | Reached skill level 1 in Crossbows
   988 | D:2      | Reached skill level 1 in Throwing
   988 | D:2      | Reached skill level 1 in Dodging
   988 | D:2      | Reached skill level 1 in Stealth
   988 | D:2      | Reached skill level 1 in Unarmed Combat
   988 | D:2      | Reached skill level 1 in Spellcasting
   988 | D:2      | Reached skill level 1 in Evocations
  1231 | D:2      | Reached XP level 4. HP: 41/41 MP: 5/5
  1666 | D:3      | Reached skill level 1 in Conjurations
  1666 | D:3      | Reached skill level 1 in Hexes
  1666 | D:3      | Reached skill level 1 in Charms
  1666 | D:3      | Reached skill level 1 in Summonings
  1666 | D:3      | Reached skill level 1 in Necromancy
  1666 | D:3      | Reached skill level 1 in Translocations
  1666 | D:3      | Reached skill level 1 in Transmutations
  1666 | D:3      | Reached skill level 1 in Fire Magic
  1666 | D:3      | Reached skill level 1 in Ice Magic
  1666 | D:3      | Reached skill level 1 in Air Magic
  1666 | D:3      | Reached skill level 1 in Earth Magic
  1666 | D:3      | Reached skill level 1 in Poison Magic
  1666 | D:3      | Reached XP level 5. HP: 39/47 MP: 6/6
  1738 | D:3      | Found a faded altar of an unknown god.
  2134 | D:4      | Noticed an ogre
  2143 | D:4      | Killed an ogre
  2260 | D:4      | Reached XP level 6. HP: 45/53 MP: 8/8
  2396 | D:4      | Gained mutation: You possess an exceptional clarity of
                  | mind. [potion of mutation]
  2396 | D:4      | Gained mutation: Your flesh is heat resistant. (rF+)
                  | [potion of mutation]
  2396 | D:4      | Gained mutation: You are partially covered in thin metallic
                  | scales. (AC +2) [potion of mutation]
  2396 | D:4      | Gained mutation: Your flesh is very heat resistant. (rF++)
                  | [potion of mutation]
  2436 | D:4      | Found a staircase to the Ecumenical Temple.
  2517 | Temple   | Entered the Ecumenical Temple
  2611 | Temple   | Became a worshipper of Warmaster Okawaru
  2876 | D:4      | Found an opulent altar of Gozag.
  3253 | D:5      | Entered Level 5 of the Dungeon
  3266 | D:5      | Found a sacrificial altar of Ru.
  3285 | D:5      | Reached skill level 5 in Axes
  3432 | D:5      | Found a runed translucent gate.
  3433 | D:5      | Found a runed translucent gate.
  3435 | D:5      | Found a runed translucent gate.
  3437 | D:5      | Noticed Turner1's ghost (amateur TrBe)
  3437 | D:5      | Noticed XxsatanxX's ghost (novice DsFi)
  3438 | D:5      | Noticed XxsatanxX's ghost (novice DsFi)
  3483 | D:5      | Reached XP level 7. HP: 52/59 MP: 10/10
  3672 | D:5      | Found a hide-covered altar of Uskayaw.
  3732 | D:5      | Noticed Sigmund
  3733 | D:5      | Found a hazy altar of Hepliaklqana.
  3743 | D:5      | Killed Sigmund
  3743 | D:5      | Reached * piety under Okawaru
  4236 | D:6      | Reached XP level 8. HP: 67/67 MP: 12/12
  4260 | D:6      | Got a smoking cloak
  4265 | D:6      | Identified the +1 cloak of the Chupacabra {rPois MR+ Regen+
                  | Str-4} (You found it on level 6 of the Dungeon)
  4516 | D:6      | Reached ** piety under Okawaru
  4585 | D:6      | Got a faintly glowing dagger
  4587 | D:6      | Identified the +4 dagger of Suicidal Tendencies {vorpal,
                  | *Rage rC++} (You found it on level 6 of the Dungeon)
  4870 | D:7      | Found a white marble altar of Elyvilon.
  4880 | D:7      | Reached XP level 9. HP: 72/72 MP: 14/14
  5046 | D:7      | Noticed Maggie
  5065 | D:7      | Reached *** piety under Okawaru
  5072 | D:7      | Killed Maggie
  5292 | D:7      | Found Veso's Assorted Antiques.
  5840 | D:8      | Reached skill level 5 in Invocations
  5861 | D:8      | Noticed a two-headed ogre
  5863 | D:8      | Noticed a two-headed ogre
  5874 | D:8      | Killed a two-headed ogre
  5874 | D:8      | Reached **** piety under Okawaru
  5874 | D:8      | Reached XP level 10. HP: 40/80 MP: 15/17
  5887 | D:8      | Slain by a two-headed ogre

Illustrated notes

Levels and vault maps discovered:
D:1:      lightli_arrival_lavapool, layout_loops_cross
D:2:      layout_loops_cross, uniq_terence
D:3:      layout_rooms, first_ration, chequers_ecumenical_altar_simple
D:4:      layout_cave_pods, nicolae_gozag_cash_rules_everything_around_me,
          temple_hall
D:5:      layout_basic, eat_drink_and_be_merry_uskayaw, old_standard_altar,
          old_standard_altar, gammafunk_ghost_cemetery, uniq_sigmund
D:6:      layout_rooms
D:7:      layout_basic, elyvilon_altar_3, serial_shops, shop, uniq_maggie
D:8:      layout_basic, nicolae_ossuary_entry_false_entrances
Temple:   lightli_temple_of_artemis

Skill      XL: |  1  2  3  4  5  6  7  8  9 |
---------------+----------------------------+-----
Invocations    | 1 2 3 4 5 |  5.3
Short Blades   | 1 2 3 4 |  4.8
Long Blades    | 1 2 3 4 |  4.8
Maces & Flails | 1 2 3 4 |  4.8
Polearms       | 1 2 3 4 |  4.8
Staves         | 1 2 3 4 |  4.8
Slings         | 1 2 3 4 |  4.8
Bows           | 1 2 3 4 |  4.8
Crossbows      | 1 2 3 4 |  4.8
Throwing       | 1 2 3 4 |  4.8
Dodging        | 1 2 3 4 |  4.8
Stealth        | 1 2 3 4 |  4.8
Unarmed Combat | 1 2 3 4 |  4.8
Spellcasting   | 1 2 3 4 |  4.8
Evocations     | 1 2 3 4 |  4.8
Conjurations   | 1 2 3 4 |  4.0
Hexes          | 1 2 3 4 |  4.0
Charms         | 1 2 3 4 |  4.0
Summonings     | 1 2 3 4 |  4.0
Necromancy     | 1 2 3 4 |  4.0
Translocations | 1 2 3 4 |  4.0
Transmutations | 1 2 3 4 |  4.0
Fire Magic     | 1 2 3 4 |  4.0
Ice Magic      | 1 2 3 4 |  4.0
Air Magic      | 1 2 3 4 |  4.0
Earth Magic    | 1 2 3 4 |  4.0
Poison Magic   | 1 2 3 4 |  4.0
Axes           | 5 6 |  6.7
Fighting       | 7 8 |  8.2
Armour         | 7 8 |  8.2
Shields        | 7 8 |  8.2

Action                   |  1- 3 |  4- 6 |  7- 9 | 10-12 || total
-------------------------+-------+-------+-------+-------++-------
Melee: War axe           |    66 |   148 |   303 |     7 ||   524
       Bite              |     3 |    19 |    33 |     1 ||    56
Throw: Boomerang         |       |       |     5 |       ||     5
Evoke: Wand              |       |       |       |     2 ||     2
  Use: Scroll            |     4 |     9 |     8 |       ||    21
       Potion            |       |     1 |       |     3 ||     4
 Stab: Sleeping          |       |     4 |       |       ||     4
  Eat: Chunk             |     1 |     4 |     8 |       ||    13
       Ration            |       |     1 |       |       ||     1
Armor: Scale mail        |    31 |    25 |       |       ||    56
       Leather armour    |       |    30 |    93 |     2 ||   125
Dodge: Dodged            |    15 |    42 |   129 |     3 ||   189
Block: Kite shield       |    33 |       |       |       ||    33
       Tower shield      |    24 |   133 |   354 |    17 ||   528
       Reflection        |       |       |    12 |     2 ||    14

Table legend:
 A = Non-vault XP
 B = Vault XP
 C = Vault XP percentage of total XP
 D = Non-vault monster count
 E = Vault monster count
 F = Vault count percentage of total count
                 A         B        C        D         E       F
            +---------+---------+-------+---------+---------+-------
      Total |    4531 |     618 |  12.0 |     148 |       3 |   2.0
            +---------+---------+-------+---------+---------+-------
        D:1 |      19 |       0 |   0.0 |      13 |       0 |   0.0
        D:2 |      30 |      36 |  54.5 |      10 |       1 |   9.1
        D:3 |     106 |       0 |   0.0 |      28 |       0 |   0.0
        D:4 |     239 |       0 |   0.0 |      10 |       0 |   0.0
        D:5 |     438 |     223 |  33.7 |      23 |       1 |   4.2
        D:6 |     890 |       0 |   0.0 |      21 |       0 |   0.0
        D:7 |    1465 |     359 |  19.7 |      31 |       1 |   3.1
        D:8 |    1344 |       0 |   0.0 |      12 |       0 |   0.0
            +---------+---------+-------+---------+---------+-------
